 Dungeon Crawl Stone Soup version 0.29-a0-82-g837932c90e (webtiles) character file.

Game seed: 4453237406674861619

27 testman the Covered (level 3, 0/30 HPs)
             Began as a Djinni Wanderer on Feb 4, 2022.
             Killed by nerve-wracking pain
             ... invoked by Jessica
              (3 damage)
             ... on level 2 of the Dungeon.
             The game lasted 00:02:14 (1177 turns).

testman the Covered (Djinni Wanderer)               Turns: 1177, Time: 00:02:15

Health: 0/30       AC:  9    Str: 13    XL:     3   Next: 25%
Gold:   71         EV:  6    Int: 15    God:
                   SH:  0    Dex: 10

rFire   + + .      SeeInvis .   a - +0 dagger
rCold   x . .      Faith    .   (no shield)
rNeg    . . .      Spirit   .   d - +0 chain mail
rPois   ∞          Reflect  .   (no helmet)
rElec   .          Harm     .   (no cloak)
rCorr   .          Rampage  .   (no gloves)
Will    .....                   (boots unavailable)
Stlth   ..........              (no amulet)
HPRegen 0.10/turn               (no ring)
MPRegen 0.00/turn               (no ring)

@: flying
A: sickness immunity, fire resistance 2, cold vulnerability 1, float, innate
caster, HP casting, extra vitality 1
a: no special abilities


You were on level 2 of the Dungeon.
You visited 1 branch of the dungeon, and saw 2 of its levels.

You collected 71 gold pieces.

Inventory:

Hand Weapons
 a - a +0 dagger (weapon)
Missiles
 c - 12 poisoned darts (quivered)
 h - a stone
Armour
 d - a +0 chain mail (worn)
Scrolls
 e - a scroll of amnesia {unknown}
 i - 2 scrolls of teleportation {unknown}
 l - a scroll of identify {unknown}
 m - a scroll of noise {unknown}
Potions
 b - a potion of curing
 f - a potion of berserk rage {unknown}
 g - a potion of brilliance {unknown}
 j - 2 potions of mutation {unknown}
 k - a potion of lignification {unknown}


   Skills:
 + Level 3.0 Fighting
 - Level 1.0 Throwing
 - Level 5.0 Armour
 - Level 1.0 Stealth
 - Level 2.0 Unarmed Combat


You had one spell level left.
You knew the following spells:

 Your Spells              Type           Power      Damage    Failure   Level
a - Sandblast             Erth           0%         2d4       100%        1
Your spell library was empty.


Dungeon Overview and Level Annotations

Branches:
Dungeon (2/15)

Altars:

Shops:
D:1 !

Annotations:
D:2 Jessica


Innate Abilities, Weirdness & Mutations

You are immune to sickness and miasma.
You are immune to poison.
Your flesh is very heat resistant. (rF++)
You are vulnerable to cold. (rC-)
You float through the air rather than walking.
You learn spells naturally, not from books.
Your magical power is your life essence.
You have superior vitality. (+4 MHP)


Message History

You hit Jessica.
Jessica is heavily wounded.
Jessica barely misses you.
You hit Jessica but do no damage.
Jessica is moderately wounded.
Jessica closely misses you. Jessica barely misses you.
You barely miss Jessica.
Jessica is moderately wounded.
Jessica hits you but does no damage.
You barely miss Jessica.
Jessica is moderately wounded.
Jessica barely misses you.
Jessica mumbles something strange.
Jessica hits you with a +0 club.
You hit Jessica but do no damage.
Jessica is moderately wounded.
Jessica hits you with a +0 club.
You hit Jessica.
Jessica is heavily wounded.
Jessica barely misses you. Jessica casts a spell at you.
Pain shoots through your body!
* * * LOW HITPOINT WARNING * * *
You barely miss Jessica.
Jessica is heavily wounded.
Jessica hits you but does no damage.
You closely miss Jessica.
Jessica is heavily wounded.
Jessica hits you but does no damage.
A hobgoblin comes into view.
The worm bites you but does no damage. Jessica closely misses you.
The hobgoblin shouts!
You hit Jessica but do no damage.
Jessica is heavily wounded.
Jessica closely misses you.
You hit Jessica.
Jessica is severely wounded.
Jessica casts a spell at you. Pain shoots through your body!
You die...

#.........#
#.......#
#...<...#
#.......#
#.......#
#.......#
#.#.#####
#....w.#
###.@#.# #
####@#.#...#
#..rl†.....#
#..........#
#.........#...#
..........# ..#
#.g.......# .#
#.........# #
###$.####>#


You could see a worm, Jessica (fast), a hobgoblin, a frilled lizard and a rat.

Vanquished Creatures
  A gnoll (D:1)
  2 dart slugs (D:1)
  2 ball pythons
  A giant cockroach (D:1)
  A goblin (D:1)
  A hobgoblin (D:1)
  A quokka (D:1)
  A frilled lizard (D:1)
  2 kobolds (D:1)
  A rat (D:1)
13 creatures vanquished.

Notes
Turn   | Place    | Note
-------+----------+-------------------------------------------
     0 | D:1      | testman the Djinni Wanderer began the quest for the Orb.
     0 | D:1      | Reached XP level 1. HP: 17/17 MP: 0/0
   221 | D:1      | Found Tisimn's Distillery.
   340 | D:1      | Reached XP level 2. HP: 18/23 MP: 0/0
   589 | D:1      | Reached XP level 3. HP: 19/29 MP: 0/0
   589 | D:1      | Learned a level 1 spell: Sandblast
  1157 | D:2      | Noticed Jessica
  1177 | D:2      | Killed from afar by Jessica

Illustrated notes

Levels and vault maps discovered:
D:1:      dpeg_arrival_rhombus, layout_basic, serial_shops, shop, serial_curves,
          eino_curves_01, eino_curves_03, eino_curves_03, eino_curves_04
D:2:      layout_rooms, serial_aquarium, aquarium_bridge_straight
          [aquarium_subvault_bridge, aquarium_subvault_wall,
          aquarium_subvault_bridge, aquarium_subvault_wall],
          aquarium_bridge_square [aquarium_subvault_bridge,
          aquarium_subvault_bridge, aquarium_subvault_wall,
          aquarium_subvault_wall], aquarium_window_2,
          aquarium_window_corridor_1, aquarium_window_2, aquarium_window_fake,
          aquarium_view_2b, aquarium_balcony_double_1,
          ebering_ecumenical_altar_abandoned, uniq_jessica

Skill      XL: |  1  2  3 |
---------------+----------+-----
Fighting       | 2 3 |  3.0
Throwing       | |  1.0
Armour         | |  5.0
Stealth        | |  1.0
Unarmed Combat | |  2.0

Action                   || total
-------------------------++-------
Melee: Dagger            ||    80
       Punch             ||     1
Armor: Chain mail        ||    52
Dodge: Dodged            ||    26

Table legend: (Time is in decaauts)
 A = Elapsed time spent in this place.
 B = Non-inter-level travel time spent in this place.
 C = Inter-level travel time spent in this place.
 D = Time resting spent in this place.
 E = Time spent auto-exploring this place.
 F = Levels seen in this place.
 G = Mean time per level.
                   A        B        C        D        E       F      G
               +--------+--------+--------+--------+--------+-----+--------+
         Total |   1176 |   1076 |    100 |    103 |    823 |   2 |  588.0 |
       Dungeon |   1176 |   1076 |    100 |    103 |    823 |   2 |  588.0 |
               +--------+--------+--------+--------+--------+-----+--------+

Top non-repeatable levels by time:
     D:1: 1141 daAuts
     D:2: 35 daAuts
